 Dungeon Crawl Stone Soup version 0.27.0-1-g7a089689b8 (webtiles) character file.

Game seed: 4773182024399042423

577 math4jedi the Poker (level 7, -9/56 (61) HPs)
             Began as a Minotaur Berserker on Aug 12, 2021.
             Was a Believer of Trog.
             Mangled by an ogre (31 damage)
             ... on level 4 of the Dungeon.
             The game lasted 00:09:23 (3425 turns).

math4jedi the Poker (Minotaur Berserker)            Turns: 3425, Time: 00:09:24

HP:   -9/56 (61)    AC:  7    Str: 21    XL:     7   Next: 13%
MP:   0/6           EV: 12    Int:  4    God:    Trog [**....]
Gold: 122           SH:  0    Dex: 12    Spells: 6/6 levels left

rFire    . . .     SeeInvis .   a - +0 spear
rCold    . . .     Faith    .   (no shield)
rNeg     . . .     Spirit   +   d - +0 ring mail
rPois    .         Reflect  .   (helmet restricted)
rElec    .         Harm     .   (no cloak)
rCorr    +         Rampage  .   j - +0 pair of gloves
Will     .....                  (no boots)
Stlth    +.........             u - amulet of guardian spirit
HPRegen  0.18/turn              i - ring of resist corrosion
MPRegen  0.10/turn              t - ring of flight

@: flying, drained
A: horns 2, retaliatory headbutt
a: Renounce Religion, Berserk, Trog's Hand


You were on level 4 of the Dungeon.
You worshipped Trog.
Trog was pleased with you.
You visited 1 branch of the dungeon, and saw 4 of its levels.

You collected 122 gold pieces.

Inventory:

Hand Weapons
 a - a +0 spear (weapon)
Missiles
 e - 2 poisoned darts (quivered)
Armour
 b - a +0 animal skin
 d - a +0 ring mail (worn)
 j - a +0 pair of gloves (worn)
Jewellery
 i - a ring of resist corrosion (left hand)
 t - a ring of flight (right hand)
 u - an amulet of guardian spirit (around neck)
Scrolls
 f - 2 scrolls of enchant armour
 k - a scroll of amnesia
 l - a scroll of summoning
 r - a scroll of immolation {unknown}
 s - a scroll of teleportation {unknown}
Potions
 c - 3 potions of curing
 g - a potion of degeneration
 h - a potion of ambrosia {unknown}
 m - a potion of attraction
 n - a potion of mutation {unknown}
 o - a potion of haste
 p - a potion of magic {unknown}
 q - a potion of cancellation {unknown}


   Skills:
 + Level 5.5 Fighting
 - Level 6.0 Polearms
 + Level 4.7 Armour
 + Level 4.3 Dodging
 - Level 2.0 Stealth


You had 6 spell levels left.
You didn't know any spells.
Your spell library was empty.

Dungeon Overview and Level Annotations

Branches:
Dungeon (4/15)             Temple (0/1) D:4

Altars:

Shops:
D:4 !

Annotations:
D:4 2 runed translucent doors, cghgu's ghost, amateur MiMo


Innate Abilities, Weirdness & Mutations

You have a pair of horns on your head.
You reflexively headbutt those who attack you in melee.


Message History

You feel drained. The wight freezes you.
You closely miss the wight. You headbutt the wight!
The wight is almost destroyed.
Your skin stops crawling.
You feel less strong-willed.
You completely miss the wight. You headbutt the wight.
You destroy the wight!
Trog accepts your kill.
You barely miss the wight. The wight closely misses you.
You furiously retaliate!
You headbutt the wight. You barely miss the wight. You headbutt the wight.
The wight is lightly damaged.
The wight misses you.
You barely miss the wight.
The wight is lightly damaged.
An ogre comes into view. It is wielding a +0 giant spiked club.
You barely miss the wight.
The wight is lightly damaged.
The ogre shouts!
The wight hits you with a +0 falchion.
You feel drained.
You hit the wight but do no damage.
The wight is lightly damaged.
The wight hits you with a +0 falchion.
You feel drained.
Your ring mail prevents you from hitting the wight.
The wight is lightly damaged.
The wight hits you with a +0 falchion.
You hit the wight but do no damage. You headbutt the wight!
The wight is heavily damaged.
The wight closely misses you.
You hit the wight but do no damage.
The wight is heavily damaged.
A quokka comes into view.
You barely miss the wight. Your headbutt misses the wight.
The wight is heavily damaged.
The wight hits you with a +0 falchion.
You feel drained.
You closely miss the wight. You headbutt the wight.
The wight is almost destroyed.
The wight hits you with a +0 falchion.
The ogre hits you with a +0 giant spiked club!!
Ouch! That really hurt!
You die...

....######.#..≈≈..≈##......
..)........##.≈#.⌠..##.....
...........##≈≈...#≈#######
#.....z..r.#.#..?..##
........##.###.#≈###
........##.# ##############
.....z...#.# #..#......
.........#z# #.....####
.........#@# #.##### #
.........#O# #.# #
.....###.#.# #.# # .###.
.#.# #.######## #. .#.#
#.##...... ... #<.#.#####
..##.#.#.......# #### #
#..............# #
#..#.#.##......# #


You could see an ogre, a wight and a quokka.

Vanquished Creatures
  A necrophage (D:4)
  2 scorpions
  3 wights (D:4)
  A howler monkey (D:4)
  A centaur zombie (D:3)
  A bullfrog skeleton (D:3)
  A hound skeleton (D:4)
  A howler monkey skeleton (D:3)
  5 adders
  An ufetubus (D:3)
  2 worms (D:3)
  2 dart slugs
  The ghost of Spectrina the Ducker, a weakling DEMo (D:3)
  5 endoplasms
  3 giant cockroaches (D:3)
  8 goblins
  11 hobgoblins
  8 jackals
  A quokka (D:1)
  3 ball pythons
  7 bats
  3 frilled lizards
  7 kobolds
  7 rats
85 creatures vanquished.

Notes
Turn   | Place    | Note
-------+----------+-------------------------------------------
     0 | D:1      | math4jedi the Minotaur Berserker began the quest for the
                  | Orb.
     0 | D:1      | Reached XP level 1. HP: 19/19 MP: 0/0
   112 | D:1      | Reached skill level 4 in Polearms
   171 | D:1      | Found a faded altar of an unknown god.
   175 | D:1      | Reached XP level 2. HP: 23/26 MP: 1/1
   591 | D:1      | Reached skill level 1 in Stealth
   813 | D:2      | Reached XP level 3. HP: 30/31 MP: 2/2
   972 | D:2      | Reached ** piety under Trog
  1150 | D:2      | Noticed a scorpion
  1158 | D:2      | Killed a scorpion
  1159 | D:2      | Reached skill level 5 in Polearms
  1159 | D:2      | Reached XP level 4. HP: 31/39 MP: 3/3
  1904 | D:3      | Reached skill level 6 in Polearms
  1904 | D:3      | Reached XP level 5. HP: 40/46 MP: 4/4
  2165 | D:3      | Found a runed translucent gate.
  2165 | D:3      | Found a runed translucent gate.
  2168 | D:3      | Found a runed translucent gate.
  2171 | D:3      | Noticed Spectrina's ghost (weakling DEMo)
  2517 | D:3      | Killed Spectrina's ghost
  2844 | D:4      | Found a staircase to the Ecumenical Temple.
  2946 | D:4      | Noticed a necrophage
  2955 | D:4      | Killed a necrophage
  2956 | D:4      | Reached XP level 6. HP: 49/55 MP: 5/5
  3151 | D:4      | Found Gimo's Distillery.
  3218 | D:4      | Found a large runed translucent door.
  3218 | D:4      | Found a large runed translucent door.
  3230 | D:4      | Reached skill level 5 in Fighting
  3237 | D:4      | Noticed cghgu's ghost (amateur MiMo)
  3410 | D:4      | Reached XP level 7. HP: 54/61 MP: 3/6
  3425 | D:4      | Mangled by an ogre

Illustrated notes

Levels and vault maps discovered:
D:1:      dpeg_arrival_boxorama, layout_basic,
          hellmonk_ecumenical_altar_heavens_door, minmay_hedge_maze
D:2:      layout_loops_corners, kennysheep_small_spiral
D:3:      layout_loops_ring, gammafunk_ghost_necromancy
D:4:      layout_basic, temple_pool_b, ebering_ghost_disaster_area,
          serial_shops, nicolae_inconvenience_store, roderic_roman_lattice,
          minmay_misc_feat_rows, minmay_misc_feat_four_crosses,
          skrybe_limestone_x

Skill      XL: |  1  2  3  4  5  6 |
---------------+-------------------+-----
Polearms       | 4 5 6 |  6.0
Stealth        | 1 2 |  2.0
Fighting       | 4 5 |  5.5
Armour         | 3 4 |  4.7
Dodging        | 3 4 |  4.3

Action                   |  1- 3 |  4- 6 |  7- 9 || total
-------------------------+-------+-------+-------++-------
Melee: Spear             |    79 |   188 |    16 ||   283
       Headbutt          |     7 |    28 |     5 ||    40
Invok: Trog's Hand       |     1 |     4 |       ||     5
  Use: Scroll            |       |     8 |       ||     8
 Stab: Sleeping          |       |     3 |       ||     3
Armor: Ring mail         |     9 |    38 |       ||    47
Dodge: Dodged            |    26 |    62 |     3 ||    91
